[Event "*** Titled Tuesday Blitz"]
[Site "Chess.com"]
[Date "2021.04.20"]
[Round "1"]
[White "FMOlexandrProhorov"]
[Black "IriBu"]
[Result "0-1"]
[WhiteElo "2237"]
[BlackElo "2564"]
[TimeControl "180+1"]
[EndTime "10:05:06 PDT"]
[Termination "IriBu won by resignation"]

1. d4 Nf6 2. c4 g6 3. Nc3 Bg7 4.
Nf3 d6 5. Bf4 O-O 6. e3 c5 7. h3 cxd4 8. exd4 d5 9. Rc1 Nc6 10.
c5 Ne4 11. Be2 g5 12. Nxe4 dxe4 13. Nxg5 Qxd4 14. Qxd4 Bxd4 15. Nxe4 Bxb2 16. Rb1 Bg7 17. O-O Be6 18. Rxb7 Bxa2 19. Rc1 Nd4 20. Bf1 Bd5 21. Rxe7 Nc6 22. Bd6 Nxe7 23. Bxe7 Bxe4 24. Bxf8 Bxf8 25. c6 Rc8 26. c7 Bd6 27. Rd1 Bxc7 0-1

[Event "*** Titled Tuesday Blitz"]
[Site "Chess.com"]
[Date "2021.04.20"]
[Round "1"]
[White "korkmaz16"]
[Black "Andreikka"]
[Result "0-1"]
[WhiteElo "2453"]
[BlackElo "2865"]
[TimeControl "180+1"]
[EndTime "10:05:07 PDT"]
[Termination "Andreikka won by resignation"]

1. e4 e5 2. Nf3 Nc6 3. d4 exd4 4.
Nxd4 Bb4+ 5. c3 Bc5 6. Be3 Bb6 7.
Nd2 Nf6 8. Bc4 O-O 9. O-O Re8 10. f3 d5 11. Bd3 Ne5 12. Bc2 c5 13. Nf5 d4 14.
Bf2 Bxf5 15. exf5 c4 16. cxd4 Bxd4 17. Rb1 Bxf2+ 18. Rxf2 Qb6 19. Ne4 Rad8 20. Nxf6+ gxf6 21. Qf1 Rd2 22. Be4 Ng4 23. fxg4 Rxe4 24. h3 Rf4 0-1

[Event "*** Titled Tuesday Blitz"]
[Site "Chess.com"]
[Date "2021.04.20"]
[Round "1"]
[White "Beca95"]
[Black "SHIVACalypso"]
[Result "1/2-1/2"]
[WhiteElo "2832"]
[BlackElo "2455"]
[TimeControl "180+1"]
[EndTime "10:05:07 PDT"]
[Termination "Game drawn by repetition"]

1. e4 e6 2. Qe2 c5 3. f4 Nc6 4. d3 Nge7 5. g3 d5 6. Bg2 g6 7. c3 Bg7 8. Nf3 O-O 9. O-O b5 10.
Nbd2 Rb8 11. e5 b4 12. Nb3 c4 13. dxc4 Ba6 14. Rd1 Bxc4 15. Qf2 bxc3 16. bxc3 Bxb3 17. axb3 Rxb3 18. c4 Qb6 19. cxd5 Qxf2+ 20. Kxf2 Nxd5 21. Ba3 Rfb8 22. Rdc1 Ncb4 23. Bxb4 Nxb4 24. Bf1 a6 25. Rc7 h6 26. h4 Nd3+ 27. Ke2 Nb4 28. Kf2 Nd3+ 29.
Ke2 Nb4 30. Kf2 1/2-1/2

[Event "*** Titled Tuesday Blitz"]
[Site "Chess.com"]
[Date "2021.04.20"]
[Round "1"]
[White "viktorgen2021"]
[Black "Shahaliyev"]
[Result "0-1"]
[WhiteElo "2373"]
[BlackElo "2681"]
[TimeControl "180+1"]
[EndTime "10:05:10 PDT"]
[Termination "Shahaliyev won by checkmate"]

1. d4 Nf6 2. Nf3 d5 3. c4 c6 4.
e3 Bg4 5. Nbd2 e6 6. Bd3 Nbd7 7. O-O Bd6 8. Qb3 Rb8 9. h3 Bh5 10. a4 O-O 11. a5 c5 12. Qc2 cxd4 13. exd4 dxc4 14.
Nxc4 Rc8 15. Qb3 Bb8 16. Be2 Bxf3 17. Qxf3 Rxc4 18. Bxc4 Qc7 19. g3 Qxc4 20. Qxb7 Qd5 21. Qa6 Qf3 22. Ra3 Qh5 23. g4 Nxg4 24. hxg4 Qh2# 0-1

[Event "*** Titled Tuesday Blitz"]
[Site "Chess.com"]
[Date "2021.04.20"]
[Round "1"]
[White "BigAl"]
[Black "VladimirBugayev"]
[Result "1-0"]
[WhiteElo "2582"]
[BlackElo "2263"]
[TimeControl "180+1"]
[EndTime "10:05:10 PDT"]
[Termination "BigAl won by resignation"]

1. Nf3 c5 2. g3 g6 3. Bg2 Nc6 4. O-O Bg7 5. d3 d6 6. e4 e5 7. c3 Nge7 8. a3 a5 9. a4 O-O 10. Na3 h6 11. Nb5 Be6 12. d4 cxd4 13. cxd4 d5 14.
exd5 Nxd5 15. Nxe5 Nxe5 16. dxe5 Kh7 17. Re1 Nb4 18.
Nd6 Rb8 19. h4 Qb6 20. Be3 Qa6 21. Bf1 Qc6 22. Rc1 Qd7 23. Bb6 Nd5 24. Bxa5 Bxe5 25.
Rxe5 Qxd6 26. Bc7 Qb4 27. Bxb8 Rxb8 28. Rxd5 1-0

[Event "*** Titled Tuesday Blitz"]
[Site "Chess.com"]
[Date "2021.04.20"]
[Round "1"]
[White "Susal_De_Silva"]
[Black "Irishchessman16"]
[Result "1-0"]
[WhiteElo "2587"]
[BlackElo "2269"]
[TimeControl "180+1"]
[EndTime "10:05:12 PDT"]
[Termination "Susal_De_Silva won by resignation"]

1. e4 c5 2. Nf3 Nc6 3. Bb5 e6 4. O-O Nge7 5. Re1 a6 6. Bf1 Ng6 7. c3 Be7 8. d4 cxd4 9. cxd4 d6 10. d5 Nce5 11. Nxe5 dxe5 12. Nc3 O-O 13. a4 Bg5 14. d6 Bxc1 15. Rxc1 Bd7 16. Qd2 Qa5 17. Red1 Rac8 18. g3 Rfd8 19. h4 h6 20. h5 Nf8 21. Rb1 Qb4 22. Nd5 Qxe4 23. Ne7+ Kh8 24. Bg2 Qxa4 25. Nxc8 Rxc8 26. Bxb7 Rb8 27. Bg2 Nh7 28. Rbc1 Nf6 29. Rc7 Qb4 30. Qxb4 Rxb4 31. Bc6 Bxc6 32. Rxc6 1-0

[Event "*** Titled Tuesday Blitz"]
[Site "Chess.com"]
[Date "2021.04.20"]
[Round "1"]
[White "hansen"]
[Black "aa175"]
[Result "1-0"]
[WhiteElo "2823"]
[BlackElo "2442"]
[TimeControl "180+1"]
[EndTime "10:05:17 PDT"]
[Termination "hansen won by resignation"]

1. e4 c5 2. Nf3 d6 3. Bb5+ Nd7 4. c3 a6 5. Ba4 b5 6. Bc2 c4 7. O-O Ngf6 8. a4 Bb7 9. d4 Bxe4 10. Re1 Bxc2 11. Qxc2 e6 12. axb5 axb5 13. Rxa8 Qxa8 14. Na3 Qb7 15. b3 d5 16. Qb1 Ne4 17. Re3 Nb6 18. bxc4 Nxc4 19. Nxc4 Nxf2 1-0

[Event "*** Titled Tuesday Blitz"]
[Site "Chess.com"]
[Date "2021.04.20"]
[Round "1"]
[White "Olga_Zhuravleva"]
[Black "kingofthenil"]
[Result "0-1"]
[WhiteElo "2332"]
[BlackElo "2636"]
[TimeControl "180+1"]
[EndTime "10:05:20 PDT"]
[Termination "kingofthenil won by resignation"]

1. e4 c6 2. Nf3 d5 3. Nc3 g6 4. d3 Bg7 5. Bd2 e5 6. g3 Ne7 7. Bg2 O-O 8. O-O h6 9. Re1 d4 10.
Ne2 c5 11. Rf1 Nbc6 12. Ne1 Be6 13. f4 Qd7 14. Nf3 Bg4 15. Kh1 Rae8 16. Neg1 f5 17. fxe5 Nxe5 18. h3 Bh5 19. Qc1 Nxf3 20. Nxf3 fxe4 21.
dxe4 Bxf3 22. Bxf3 Qxh3+ 23. Kg1 Qxg3+ 24. Bg2 Be5 0-1

[Event "*** Titled Tuesday Blitz"]
[Site "Chess.com"]
[Date "2021.04.20"]
[Round "1"]
[White "GoltsevDmitry2000"]
[Black "noblerone"]
[Result "1-0"]
[WhiteElo "2724"]
[BlackElo "2402"]
[TimeControl "180+1"]
[EndTime "10:05:22 PDT"]
[Termination "GoltsevDmitry2000 won by resignation"]

1. e4 c5 2. Nf3 e6 3. d4 cxd4 4. Nxd4 Qb6 5. Nc3 Bc5 6. Na4 Qa5+ 7. c3 Bxd4 8. Qxd4 Nf6 9. f3 Nc6 10. Qc4 d5 11. exd5 exd5 12. Qb5 Qc7 13. Be3 O-O 14. O-O-O Bf5 15. Bd3 Bxd3 16. Qxd3 Ne5 17. Qf5 b5 18. Nc5 Nc4 19. Bd4 Rfe8 20. Rhe1 a5 21. Bxf6 gxf6 22.
Nd7 Rxe1 23. Nxf6+ Kg7 24. Rxe1 Ra6 25. Ne8+ 1-0

[Event "*** Titled Tuesday Blitz"]
[Site "Chess.com"]
[Date "2021.04.20"]
[Round "1"]
[White "LamaChampetre"]
[Black "MPGM"]
[Result "0-1"]
[WhiteElo "2193"]
[BlackElo "2517"]
[TimeControl "180+1"]
[EndTime "10:05:22 PDT"]
[Termination "MPGM won by checkmate"]

1. d4 Nf6 2. c4 e6 3. Nf3 d5 4. g3 c5 5. Bg2 Nc6 6. cxd5 exd5 7. Nc3 cxd4 8. Nxd4 Bc5 9. Nxc6 bxc6 10. O-O O-O 11. e4 Ba6 12. Re1 Qb6 13. Qf3 Ng4 14. Nd1 Ne5 15. Qc3 Nd3 16. exd5 Bxf2+ 17. Nxf2 Qxf2+ 18. Kh1 Nxe1 19. Bh3 Bf1 20. Be3 Bg2+ 21. Bxg2 Qxg2# 0-1

[Event "*** Titled Tuesday Blitz"]
[Site "Chess.com"]
[Date "2021.04.20"]
[Round "1"]
[White "Fraler15"]
[Black "anon481216"]
[Result "0-1"]
[WhiteElo "2208"]
[BlackElo "2534"]
[TimeControl "180+1"]
[EndTime "10:05:23 PDT"]
[Termination "anon481216 won by checkmate"]

1. e4 c5 2. Nf3 d6 3. d4 cxd4 4. Nxd4 Nf6 5. Nc3 a6 6. Bc4 e6 7. Bb3 b5 8. a3 Be7 9. Be3 O-O 10. f3 Qc7 11. Qd2 Nc6 12. O-O-O Na5 13. Kb1 Nc4 14.
Bxc4 bxc4 15. g4 Rb8 16. h4 d5 17. exd5 Bxa3 18. Ndb5 axb5 19. bxa3 b4 20. Na2 bxa3+ 21. Ka1 Nxd5 22. h5 Rb2 23. g5 Rxc2 24. Qxc2 Nxe3 25.
Qe4 Nxd1 26. Rxd1 Bb7 27. Qe3 Rd8 28. Rg1 Rd3 29. Qe1 Qb6 30. Nb4 Qd4+ 31. Ka2 Qb2# 0-1

[Event "*** Titled Tuesday Blitz"]
[Site "Chess.com"]
[Date "2021.04.20"]
[Round "1"]
[White "Klavdia_Nik"]
[Black "zmeeed67"]
[Result "0-1"]
[WhiteElo "2047"]
[BlackElo "2487"]
[TimeControl "180+1"]
[EndTime "10:05:23 PDT"]
[Termination "zmeeed67 won on time"]

1. Nf3 d5 2. c4 d4 3. b4 e6 4. Bb2 Bxb4 5. Nxd4 Nf6 6. Qa4+ Nbd7 7. Qxb4 c5 8. Qa4 cxd4 9. Bxd4 O-O 10. g3 b5 11. Qxb5 Rb8 12. Qa4 Bb7 13. f3 e5 14.
Bf2 e4 15. Bg2 exf3 16. Bxf3 Bxf3 17. exf3 Re8+ 18. Kf1 Ne5 19. Kg2 Qd3 20. Qd1 Nxc4 21. Qf1 Re2 0-1

[Event "*** Titled Tuesday Blitz"]
[Site "Chess.com"]
[Date "2021.04.20"]
[Round "1"]
[White "Taktikmonster"]
[Black "Semen_Khanin"]
[Result "0-1"]
[WhiteElo "2414"]
[BlackElo "2752"]
[TimeControl "180+1"]
[EndTime "10:05:25 PDT"]
[Termination "Semen_Khanin won by resignation"]

1. e4 c6 2. d4 d5 3. e5 Bf5 4. Nd2 h6 5. Nb3 e6 6. Nf3 Nd7 7. Be2 a5 8. a4 Ne7 9. O-O Bh7 10. Bd2 Nf5 11. Ne1 Be7 12. Nd3 O-O 13. f4 Qb6 14.
c3 c5 15. dxc5 Nxc5 16. Ndxc5 Bxc5+ 17. Nxc5 Qxc5+ 18. Kh1 d4 19. Qb3 Rfd8 20. Rac1 d3 21. Bf3 Ne3 22. Rfe1 Nc4 23. Rcd1 Rab8 24. Be4 b5 25. Bxh7+ Kxh7 26. Re4 Qf2 27. Bc1 d2 28. axb5 dxc1=Q 29. Rxc1 Nd2 30. Qc2 Nxe4 31. Qxe4+ g6 32. c4 Qxb2 0-1

[Event "*** Titled Tuesday Blitz"]
[Site "Chess.com"]
[Date "2021.04.20"]
[Round "1"]
[White "kekic76"]
[Black "OlegKrivonosov"]
[Result "1/2-1/2"]
[WhiteElo "2341"]
[BlackElo "2629"]
[TimeControl "180+1"]
[EndTime "10:05:25 PDT"]
[Termination "Game drawn by repetition"]

1. e4 e5 2. Nf3 Nc6 3. Bb5 Nf6 4.
O-O Nxe4 5. d4 Nd6 6. Bxc6 dxc6 7. dxe5 Nf5 8. Qxd8+ Kxd8 9. Nc3 Be7 10. Bg5 Bxg5 11. Nxg5 Ke7 12. Rfd1 h6 13. Nge4 Be6 14.
Nc5 b6 15. Nxe6 Kxe6 16. Rd3 Rhd8 17. Rad1 Rxd3 18. Rxd3 a5 19. a4 h5 20. f4 f6 21.
exf6 gxf6 22. g3 Nd6 23. b3 Rg8 24. Kf2 h4 25. Re3+ Kf7 26. Ne4 hxg3+ 27. hxg3 Rh8 28. Nxd6+ cxd6 29. c4 Rh2+ 30. Kf3 Rd2 31. f5 d5 32. cxd5 Rxd5 33. g4 b5 34. Rc3 bxa4 35. bxa4 Rd4 36.
Rxc6 Rxa4 37. Rc7+ Kg8 38. Ra7 Kf8 39. Kg3 Ra1 40.
g5 Rg1+ 41. Kf4 Rxg5 42. Rxa5 Rg1 43. Ra7 Kg8 44. Rb7 Rg2 45. Ra7 Rg1 46. Rb7 Rg2 47.
Ra7 Rg1 1/2-1/2

[Event "*** Titled Tuesday Blitz"]
[Site "Chess.com"]
[Date "2021.04.20"]
[Round "1"]
[White "volunteers1998"]
[Black "GMaka"]
[Result "1-0"]
[WhiteElo "2186"]
[BlackElo "2494"]
[TimeControl "180+1"]
[EndTime "10:05:27 PDT"]
[Termination "volunteers1998 won by resignation"]

1. e4 c6 2. d4 d5 3. e5 Bf5 4. Nc3 Qb6 5. g4 Bd7 6. Be2 e6 7. f4 c5 8. Nf3 cxd4 9. Nxd4 Bc5 10. Be3 Qxb2 11. Ncb5 Bxb5 12. Bxb5+ Nc6 13. Rb1 Qc3+ 14. Qd2 Qxd2+ 15. Kxd2 Bxd4 16. Bxd4 Ne7 17. Bc5 a6 18. Bxc6+ bxc6 19. Rb7 Ng6 20. Rhb1 Rc8 21. Ke3 h5 22. g5 Rd8 23. Ra7 Rc8 24. Rbb7 Rf8 25. Bxf8 Nxf8 26. Rxf7 g6 27. Rae7+ Kd8 1-0

[Event "*** Titled Tuesday Blitz"]
[Site "Chess.com"]
[Date "2021.04.20"]
[Round "1"]
[White "Keks2017"]
[Black "dropstoneDP"]
[Result "1-0"]
[WhiteElo "2480"]
[BlackElo "2930"]
[TimeControl "180+1"]
[EndTime "10:05:30 PDT"]
[Termination "Keks2017 won by resignation"]

1. e4 e5 2. Nf3 Nf6 3. Nxe5 d6 4. Nf3 Nxe4 5. Nc3 Nf6 6. d4 Be7 7. Bd3 O-O 8. h3 Re8 9. O-O h6 10. Bf4 Bf8 11. Re1 Rxe1+ 12. Qxe1 Nbd7 13. Qd2 b6 14. d5 Bb7 15. Bc4 a6 16. a4 Nc5 17. Re1 Nxa4 18.
Nxa4 b5 19. Nc3 bxc4 20. Qd4 c6 21. dxc6 Bxc6 22. Qxc4 Bxf3 23. gxf3 Qd7 24. Kg2 Qf5 25. Re2 Rc8 26. Qa4 d5 27. Bg3 Rb8 28. Bxb8 Bc5 29.
Bg3 1-0

[Event "*** Titled Tuesday Blitz"]
[Site "Chess.com"]
[Date "2021.04.20"]
[Round "1"]
[White "PawnEatingZombie"]
[Black "PotapovaM"]
[Result "0-1"]
[WhiteElo "2171"]
[BlackElo "2512"]
[TimeControl "180+1"]
[EndTime "10:05:35 PDT"]
[Termination "PotapovaM won by resignation"]

1. d4 Nf6 2. c4 e6 3. Nc3 Bb4 4. Qc2 O-O 5. e4 d5 6. e5 Ne4 7. Bd3 c5 8. Nf3 cxd4 9. Nxd4 Nd7 10. Bf4 Qh4 11. g3 Qh5 12. h4 Nxe5 13. Be2 Ng4 14. Bxg4 Qxg4 15. f3 Qh5 16. g4 Qg6 17. fxe4 e5 18.
O-O-O Bxc3 19. Nf5 Bxf5 20. gxf5 Qa6 21. Qxc3 exf4 22. Rxd5 Qxa2 23. Rhd1 Rac8 24. b3 f3 25. Qb2 Qa6 26. Rf1 Rxc4+ 27. Kb1 Rc3 28. Qxc3 Qxf1+ 29. Kb2 f2 30. Rd2 Qe1 0-1

[Event "*** Titled Tuesday Blitz"]
[Site "Chess.com"]
[Date "2021.04.20"]
[Round "1"]
[White "Tactictic"]
[Black "DeTimmerman"]
[Result "0-1"]
[WhiteElo "2435"]
[BlackElo "2816"]
[TimeControl "180+1"]
[EndTime "10:05:36 PDT"]
[Termination "DeTimmerman won by resignation"]

1. e4 e5 2. Nf3 Nc6 3. Bc4 Nf6 4. d3 Be7 5. O-O O-O 6. Re1 d6 7. a4 Kh8 8. c3 Ng8 9. d4 f5 10. dxe5 fxe4 11. Rxe4 Rxf3 12. Qxf3 d5 13. Bxd5 Qxd5 14. Na3 Be6 15. Bf4 Rd8 16. Nb5 Qd7 17. Ree1 a6 18.
Rad1 Qc8 19. Nd4 Bg4 20. Qe4 Bxd1 21. Rxd1 Nxd4 22. cxd4 c6 23. g3 Qe6 24. h4 Nf6 25. Qf3 Nd5 26. Bg5 Rf8 27. Qh5 Bxg5 28. hxg5 Qg6 29.
Qg4 Qc2 30. Rf1 Qd3 31. Kg2 Qxf1+ 0-1

[Event "*** Titled Tuesday Blitz"]
[Site "Chess.com"]
[Date "2021.04.20"]
[Round "1"]
[White "HanSchut"]
[Black "ErikBlomqvist"]
[Result "0-1"]
[WhiteElo "2264"]
[BlackElo "2583"]
[TimeControl "180+1"]
[EndTime "10:05:36 PDT"]
[Termination "ErikBlomqvist won by resignation"]

1. e4 c6 2. d4 d5 3. e5 c5 4. Nf3 cxd4 5. Nxd4 Nc6 6. f4 e6 7.
Be3 Nge7 8. c3 a6 9. Bd3 g6 10. O-O Nf5 11. Bf2 h5 12. Nd2 Ncxd4 13. cxd4 Bd7 14.
Nf3 Be7 15. g3 Bb5 16. Bxb5+ axb5 17. Qb3 Qd7 18. a3 Kf8 19. Rac1 Kg7 20. Kg2 Rac8 21. h3 Rc4 22. Qd3 Qc6 23. Qd2 Rc8 24. Rxc4 Qxc4 25. g4 hxg4 26. hxg4 Nh6 27. Kg3 Qxf1 0-1

[Event "*** Titled Tuesday Blitz"]
[Site "Chess.com"]
[Date "2021.04.20"]
[Round "1"]
[White "Fh2411"]
[Black "kubal123"]
[Result "1-0"]
[WhiteElo "2566"]
[BlackElo "2235"]
[TimeControl "180+1"]
[EndTime "10:05:40 PDT"]
[Termination "Fh2411 won by resignation"]

1. d4 Nf6 2. Nf3 g6 3. Bf4 Bg7 4. e3 d5 5. h3 O-O 6. Bd3 b6 7. O-O Bb7 8. Nbd2 c5 9. c3 Nc6 10. Qe2 Nd7 11. Ba6 Qc8 12. Bxb7 Qxb7 13. Rad1 e5 14.
dxe5 Ndxe5 15. Nxe5 Nxe5 16. Nf3 Nxf3+ 17. Qxf3 Rad8 18.
Rd2 Rd7 19. Rfd1 Rfd8 20. Bg5 f6 21. Bh4 g5 22. Bg3 b5 23. Qf5 Qc6 24. b4 cxb4 25.
cxb4 Qc4 26. a3 d4 27. exd4 Rxd4 28. Rxd4 Rxd4 29. Rxd4 Qxd4 30. Qe6+ Kf8 31. Bd6+ 1-0

[Event "*** Titled Tuesday Blitz"]
[Site "Chess.com"]
[Date "2021.04.20"]
[Round "1"]
[White "rikyshi"]
[Black "MFBerna"]
[Result "0-1"]
[WhiteElo "2184"]
[BlackElo "2515"]
[TimeControl "180+1"]
[EndTime "10:05:40 PDT"]
[Termination "MFBerna won on time"]

1. d4 Nf6 2. Nc3 d5 3. Bf4 c6 4. e3 Bf5 5. f3 e6 6. g4 Bg6 7.
h4 h5 8. g5 Ng8 9. Bd3 Bxd3 10. Qxd3 Bd6 11. Nge2 Ne7 12. e4 Ng6 13. Bxd6 Qxd6 14. e5 Qc7 15. O-O-O Nd7 16. Rdf1 Ne7 17. f4 g6 18. Ng3 O-O-O 19. Qf3 Kb8 20. Na4 c5 21.
Qb3 cxd4 22. Ne2 Nf5 23. Rd1 Rc8 24. Nxd4 Nxd4 25. Rxd4 Nc5 26. Rc4 Nxb3+ 0-1

[Event "*** Titled Tuesday Blitz"]
[Site "Chess.com"]
[Date "2021.04.20"]
[Round "1"]
[White "platy3"]
[Black "MalyDominator"]
[Result "1-0"]
[WhiteElo "2837"]
[BlackElo "2446"]
[TimeControl "180+1"]
[EndTime "10:05:41 PDT"]
[Termination "platy3 won by resignation"]

1. e4 c5 2. Nf3 d6 3. d4 cxd4 4. Nxd4 Nf6 5. Nc3 Nc6 6. Bg5 e6 7. Qd2 a6 8. O-O-O Bd7 9. f4 b5 10. Bxf6 gxf6 11. Kb1 b4 12. Nce2 Qb6 13. h4 h5 14. Rh3 Nxd4 15. Nxd4 a5 16. Re3 Bh6 17. g3 a4 18. Be2 Qc5 19. Nf3 Ke7 20. e5 fxe5 21. Nxe5 Rad8 22. Nd3 Qc7 23. Nxb4 Bc6 24. Rc3 1-0

[Event "*** Titled Tuesday Blitz"]
[Site "Chess.com"]
[Date "2021.04.20"]
[Round "1"]
[White "DrMamaliga"]
[Black "Witik"]
[Result "0-1"]
[WhiteElo "2368"]
[BlackElo "2672"]
[TimeControl "180+1"]
[EndTime "10:05:42 PDT"]
[Termination "Witik won by resignation"]

1. c4 e5 2. Nc3 Bb4 3. Qb3 Nc6 4. Nf3 a5 5. e3 Nf6 6. Be2 O-O 7. O-O e4 8. Ne1 Re8 9. d3 d6 10. dxe4 Bxc3 11.
Qxc3 Nxe4 12. Qc2 Bf5 13. Qd1 Qf6 14. Nf3 h6 15. Bd3 a4 16. a3 Nc5 17. Bxf5 Qxf5 18.
Nd4 Nxd4 19. exd4 Nb3 20. Ra2 Qb1 0-1

[Event "*** Titled Tuesday Blitz"]
[Site "Chess.com"]
[Date "2021.04.20"]
[Round "1"]
[White "Chernobay_Artem"]
[Black "AEMEffi"]
[Result "1-0"]
[WhiteElo "2622"]
[BlackElo "2319"]
[TimeControl "180+1"]
[EndTime "10:05:45 PDT"]
[Termination "Chernobay_Artem won by resignation"]

1. d4 d6 2. Nf3 d5 3. c4 c6 4.
Nc3 Nf6 5. Bg5 dxc4 6. a4 h6 7. Bxf6 gxf6 8. e3 Be6 9. Nd2 a6 10. Bxc4 Bxc4 11. Nxc4 e6 12. O-O Nd7 13. Qf3 Be7 14.
Ne4 Nf8 15. Qg3 Rb8 16. Ncd6+ Bxd6 17. Nxd6+ Ke7 18. Ne4 f5 19. Nc5 Qd6 20. Qh4+ Ke8 21.
Rad1 Ng6 22. Qh5 Qe7 23. e4 f4 24. Rfe1 Qg5 25. Qh3 Ke7 26. d5 cxd5 27. exd5 e5 28.
d6+ Kf6 29. Ne4+ 1-0

[Event "*** Titled Tuesday Blitz"]
[Site "Chess.com"]
[Date "2021.04.20"]
[Round "1"]
[White "champ2005"]
[Black "Tomekas1"]
[Result "1-0"]
[WhiteElo "3001"]
[BlackElo "2469"]
[TimeControl "180+1"]
[EndTime "10:05:49 PDT"]
[Termination "champ2005 won by resignation"]

1. Nf3 d5 2. e3 Nf6 3. b3 c5 4. Bb2 Nc6 5. Be2 Bg4 6. O-O e6 7.
c4 Bd6 8. d4 cxd4 9. exd4 O-O 10.
Nbd2 Rc8 11. a3 Bb8 12. Re1 Ne4 13. Nf1 Qf6 14. Ng3 Nxg3 15. hxg3 h6 16. c5 Ne7 17. Qd2 Ng6 18. b4 h5 19. Ne5 Bxe2 20. Nd7 Qf5 21. Nxf8 Bc4 22. Nd7 Bc7 23. Ne5 h4 24. gxh4 Nxh4 25. Re3 f6 26. Nxc4 dxc4 27. Qe2 Qg5 28. g3 Nf5 29. Rf3 Rd8 30. Qxe6+ Kh8 31. Qxf5 1-0

[Event "*** Titled Tuesday Blitz"]
[Site "Chess.com"]
[Date "2021.04.20"]
[Round "1"]
[White "Nuvas"]
[Black "smshk35"]
[Result "1-0"]
[WhiteElo "2648"]
[BlackElo "2343"]
[TimeControl "180+1"]
[EndTime "10:05:49 PDT"]
[Termination "Nuvas won by resignation"]

1. d4 Nf6 2. c4 b6 3. Nf3 Bb7 4.
Nc3 d5 5. Bf4 e6 6. a3 Bd6 7.
Bg5 h6 8. Bh4 Nbd7 9. cxd5 exd5 10. e3 O-O 11. Bd3 c5 12. O-O Re8 13. Rc1 a6 14.
Bb1 Qc7 15. dxc5 bxc5 16. b4 g5 17. bxc5 Nxc5 18. Bg3 Bxg3 19. hxg3 Qd6 20. Nd4 Nfe4 21. Nxe4 Nxe4 22. Qh5 Qf6 23. Rc7 Rab8 24. g4 Rec8 25. Rxc8+ Rxc8 26. Nf5 Rc6 27. Bxe4 dxe4 28. Rd1 Kh7 29.
Rd7 Qa1+ 30. Kh2 Qe5+ 31. g3 Rf6 32. Rxf7+ Kg8 33. Rxb7 1-0

[Event "*** Titled Tuesday Blitz"]
[Site "Chess.com"]
[Date "2021.04.20"]
[Round "1"]
[White "seorobert1971"]
[Black "FrenchMonster2002"]
[Result "1-0"]
[WhiteElo "2713"]
[BlackElo "2390"]
[TimeControl "180+1"]
[EndTime "10:05:51 PDT"]
[Termination "seorobert1971 won on time"]

1. Nf3 Nf6 2. d4 g6 3. c4 Bg7 4. Nc3 O-O 5. e4 d6 6. Be2 Na6 7. O-O e5 8. Bg5 Qe8 9. Bxf6 Bxf6 10. c5 exd4 11. Nd5 Bd8 12. Bxa6 bxa6 13. cxd6 c5 14. Rc1 Qxe4 15. Rxc5 Bg4 16. h3 Bxf3 17. Qxf3 Qxf3 18. gxf3 Rb8 19. b3 Bb6 20. Rc6 Rfd8 21. Rd1 Kg7 22.
Kf1 Rd7 23. Ke2 Rbd8 24. Nxb6 axb6 25. Rxd4 Rb7 26. Rc7 Rxd6 27. Rxb7 Rxd4 28. Rxb6 a5 29. Ra6 Rd5 30. Ke3 Rh5 31. Ke4 Rb5 32. f4 h5 33.
Kd4 Rf5 34. Ke3 Rb5 35. Rc6 1-0

[Event "*** Titled Tuesday Blitz"]
[Site "Chess.com"]
[Date "2021.04.20"]
[Round "1"]
[White "Harald_Schmidt"]
[Black "ChessLover0108"]
[Result "0-1"]
[WhiteElo "2403"]
[BlackElo "2730"]
[TimeControl "180+1"]
[EndTime "10:05:53 PDT"]
[Termination "ChessLover0108 won by resignation"]

1. e4 d6 2. d4 g6 3. Nc3 Nf6 4.
Be3 a6 5. f3 b5 6. g4 h6 7. h4 Nfd7 8. Nce2 Nb6 9. Ng3 N8d7 10. Bd3 Bb7 11. N1e2 Bg7 12. c3 Rc8 13. h5 g5 14. f4 gxf4 15. Nxf4 e6 16. Qf3 Qe7 17. O-O-O c5 18. d5 Ne5 19. Qg2 Nbc4 20. Bxc4 Nxc4 21. Rhe1 Nxe3 22. Rxe3 Qg5 23. Qd2 Qxf4 24. Rf1 Qg5 25. dxe6 fxe6 26. Qxd6 Qxe3+ 27. Kb1 Bxe4+ 28. Ka1 Bd5 29. Nf5 exf5 30. Qxd5 Rf8 31. gxf5 Rf7 32. a4 Rd8 33. Qc6+ Kf8 34. f6 Kg8 35. Qg2 Qg5 0-1

[Event "*** Titled Tuesday Blitz"]
[Site "Chess.com"]
[Date "2021.04.20"]
[Round "1"]
[White "CURRUTACO59"]
[Black "sara_khm"]
[Result "0-1"]
[WhiteElo "2199"]
[BlackElo "2528"]
[TimeControl "180+1"]
[EndTime "10:05:53 PDT"]
[Termination "sara_khm won by checkmate"]

1. Nf3 d5 2. e3 Nf6 3. c4 e6 4.
d4 a6 5. b3 b6 6. Bd3 Bb7 7.
O-O Be7 8. Nc3 Nbd7 9. Bb2 O-O 10. Qe2 Ne4 11. Rac1 f5 12. cxd5 exd5 13. Rfd1 Bd6 14. g3 Qf6 15. Qe1 Qh6 16. Bf1 Rae8 17. Bg2 Ndf6 18.
Nh4 Ng4 19. Rc2 Nxh2 20. Kxh2 Qxh4+ 21. Kg1 Qh6 22. Ne2 Rf6 23. Nf4 g5 24. Nd3 Qh5 25. Ne5 Rh6 26. Kf1 a5 27. Qe2 Ba6 28. Qxa6 Qxd1# 0-1

[Event "*** Titled Tuesday Blitz"]
[Site "Chess.com"]
[Date "2021.04.20"]
[Round "1"]
[White "renehp"]
[Black "AlphaHero0"]
[Result "0-1"]
[WhiteElo "2484"]
[BlackElo "2095"]
[TimeControl "180+1"]
[EndTime "10:05:54 PDT"]
[Termination "AlphaHero0 won on time"]

1. e4 Nc6 2. d4 e5 3. dxe5 Nxe5 4.
f4 Nc6 5. Nf3 Bc5 6. Nc3 d6 7.
Bd3 Bg4 8. h3 Bxf3 9. Qxf3 Qh4+ 10.
g3 Nd4 11. Qg2 Qh5 12. Rf1 O-O-O 13. Na4 Ne7 14. Nxc5 dxc5 15. Bd2 c4 16. Bxc4 Nxc2+ 17. Kf2 Nxa1 18. Be3 Nc2 0-1

[Event "*** Titled Tuesday Blitz"]
[Site "Chess.com"]
[Date "2021.04.20"]
[Round "1"]
[White "eldur16"]
[Black "FeketeBarika"]
[Result "1-0"]
[WhiteElo "2596"]
[BlackElo "2278"]
[TimeControl "180+1"]
[EndTime "10:05:56 PDT"]
[Termination "eldur16 won by resignation"]

1. d4 Nf6 2. c4 e6 3. Nf3 d5 4.
Nc3 Be7 5. Bg5 O-O 6. e3 h6 7.
Bh4 Ne4 8. Bg3 c5 9. Bd3 Nxg3 10. hxg3 cxd4 11. exd4 dxc4 12. Bxc4 Nc6 13. O-O Bf6 14.
Ne2 Nb4 15. Rc1 Nd5 16. Qd3 Bd7 17. Rfd1 Rc8 18. Ne5 Bc6 19. a3 a6 20. Ba2 Bb5 21. Qe4 Bxe2 22. Qxe2 Rxc1 23. Rxc1 Ne7 24. Qe4 Nf5 25. Nxf7 Rxf7 26. Bxe6 Nd6 27. Qd5 Qb6 28. b4 Kf8 29. Bxf7 Nxf7 30. Rc8+ Nd8 31. Qd7 Be7 32. d5 Kf7 33. d6 Qxd6 34. Qxd6 Bxd6 35. Rxd8 1-0

[Event "*** Titled Tuesday Blitz"]
[Site "Chess.com"]
[Date "2021.04.20"]
[Round "1"]
[White "Grandmaster2B"]
[Black "HrvojeZagreb"]
[Result "0-1"]
[WhiteElo "2556"]
[BlackElo "2267"]
[TimeControl "180+1"]
[EndTime "10:05:58 PDT"]
[Termination "HrvojeZagreb won by resignation"]

1. e4 e6 2. d4 d5 3. Nd2 dxe4 4. Nxe4 Nd7 5. Nf3 Ngf6 6. Bd3 Nxe4 7. Bxe4 Nf6 8. Bd3 c5 9. O-O cxd4 10. Nxd4 Bc5 11.
Nb3 Bd6 12. Bg5 Qc7 13. Bxf6 Bxh2+ 14. Kh1 gxf6 15. Bb5+ Ke7 16. Qe2 Rg8 17. Nd4 Qf4 18.
Rad1 Rg5 19. g3 Bxg3 20. fxg3 Qxg3 21. Rf2 e5 22. Nf3 Bg4 23. Qe3 Rh5+ 24. Rh2 0-1